 Dungeon Crawl Stone Soup version 0.28.0-43-g3370ac3207 (webtiles) character file.

Game seed: 9550257278651910146

6124 lonewolfV2 the Cleaver (level 10, -5/86 HPs)
             Began as a Hill Orc Fighter on Mar 4, 2022.
             Was a Believer of Beogh.
             Slain by a catoblepas (18 damage)
             ... on level 9 of the Dungeon.
             The game lasted 00:16:53 (10986 turns).

lonewolfV2 the Cleaver (Hill Orc Fighter)          Turns: 10986, Time: 00:16:54

Health: -5/86      AC: 18    Str: 24    XL:     10   Next: 89%
Magic:  0/13       EV: 10    Int: 10    God:    Beogh [**....]
Gold:   462        SH:  5    Dex: 10    Spells: 13/13 levels left

rFire   x . .      SeeInvis .   l - +5 broad axe (elec)
rCold   . . .      Faith    .   c - +0 buckler
rNeg    . . .      Spirit   +   b - +0 scale mail
rPois   .          Reflect  .   i - +2 helmet
rElec   .          Harm     .   (no cloak)
rCorr   +          Rampage  .   u - +2 pair of gloves "Feopte" {rCorr}
Will    +....                   (no boots)
Stlth   ..........              g - amulet of guardian spirit
HPRegen 0.24/turn               r - ring of Ugorhi {rC- Will+ AC+4 Int+2}
MPRegen 0.13/turn               d - ring of ice

@: no status effects
A: no striking features
a: Renounce Religion, Smiting


You were on level 9 of the Dungeon.
You worshipped Beogh.
Beogh was pleased with you.
You visited 2 branches of the dungeon, and saw 10 of its levels.

You collected 462 gold pieces.

Inventory:

Hand Weapons
 j - a +2 falchion of electrocution
 l - a +5 broad axe of electrocution (weapon)
Armour
 b - a +0 scale mail (worn)
 c - a +0 buckler (worn)
 i - a +2 helmet (worn)
 u - the +2 pair of gloves "Feopte" (worn) {rCorr}
   (You acquired it on level 9 of the Dungeon)

   rCorr:     It protects you from acid and corrosion.
Jewellery
 d - a ring of ice (right hand)
 g - an amulet of guardian spirit (around neck)
 r - the ring of Ugorhi (left hand) {rC- Will+ AC+4 Int+2}
   (You found it on level 5 of the Dungeon)

   [ring of protection]

   AC:        It affects your AC (+4).
   Int:       It affects your intelligence (+2).
   rC:        It makes you vulnerable to cold.
   Will:      It increases your willpower.
 x - a +4 ring of evasion
Wands
 a - a wand of iceblast (3)
 k - a wand of flame (24)
 m - a wand of charming (10)
 q - a wand of polymorph (6)
Scrolls
 f - 3 scrolls of identify
 h - 5 scrolls of teleportation
 o - a scroll of enchant armour {unknown}
 p - a scroll of magic mapping
 s - 3 scrolls of noise
 t - 2 scrolls of amnesia
 w - a scroll of blinking
 y - 3 scrolls of torment
 z - a scroll of fog
Potions
 e - 5 potions of lignification
 n - 2 potions of curing
 v - 2 potions of flight


   Skills:
 + Level 7.4 Fighting
 + Level 3.1(4.7) Short Blades
 + Level 5.9(6.4) Long Blades
 + Level 8.2(9.0) Axes
 + Level 2.5(5.4) Maces & Flails
 + Level 3.4(5.9) Polearms
 + Level 2.1(3.2) Staves
 + Level 2.1(2.8) Slings
 + Level 2.1 Bows
 + Level 2.1 Crossbows
 + Level 2.7(3.1) Throwing
 + Level 6.8 Armour
 + Level 3.1 Dodging
 + Level 2.1 Stealth
 + Level 5.8 Shields
 + Level 2.5 Unarmed Combat
 + Level 2.1 Spellcasting
 + Level 2.3 Conjurations
 + Level 2.3 Hexes
 + Level 2.3 Summonings
 + Level 2.3 Necromancy
 + Level 1.9 Translocations
 + Level 1.6 Transmutations
 + Level 2.5 Fire Magic
 + Level 2.1 Ice Magic
 + Level 1.9 Air Magic
 + Level 2.4 Earth Magic
 + Level 2.1 Poison Magic
 + Level 3.1 Invocations
 + Level 2.3 Evocations


You had 13 spell levels left.
You didn't know any spells.
Your spell library contained the following spells:

 Spells                   Type           Power      Damage    Failure   Level
 Blink                    Tloc           8%         N/A       52%         2
 Conjure Flame            Conj/Fire      5%         6-21      69%         3
 Ignite Poison            Fire/Tmut/Pois 5%         N/A       75%         3
 Lesser Beckoning         Tloc           4%         N/A       77%         3
 Sticky Flame             Conj/Fire      5%         2d3       97%         4
 Fireball                 Conj/Fire      2%         3d4       100%        5
 Iskenderun's Battlesphe  Conj           5%         2d6       100%        5
 Manifold Assault         Tloc           4%         N/A       100%        5
 Conjure Ball Lightning   Conj/Air       2%         3x3d6     100%        6
 Starburst                Conj/Fire      2%         6d3       100%        6
 Orb of Destruction       Conj           2%         9d5       100%        7


Dungeon Overview and Level Annotations

Branches:
Dungeon (9/15)             Temple (1/1) D:4
   Lair: D:8-11         Orc: D:9-12

Altars:
Ashenzari
Cheibriados
Dithmenos
Elyvilon
Fedhas
Gozag
Hepliaklqana
Kikubaaqudgha
Makhleb
Nemelex Xobeh
Okawaru
Qazlal
Ru
Sif Muna
Trog
Uskayaw
Vehumet
Wu Jian
Xom
Yredelemnul
Zin

Shops:
D:6 (

Annotations:
D:3 1 runed translucent door


Message History

The boulder beetle is heavily wounded.
The boulder beetle bites you!
You slash the boulder beetle!
The boulder beetle is severely wounded.
The boulder beetle bites you. You block the boulder beetle's attack.
You hit the boulder beetle but do no damage.
The boulder beetle is severely wounded.
The boulder beetle bites you but does no damage.
You slash the boulder beetle!
Lightning courses through the boulder beetle!
The boulder beetle is almost dead.
The boulder beetle bites you but does no damage.
You slash the boulder beetle!
You kill the boulder beetle!
Beogh accepts your kill.
Your life force feels restored.
Your base Axes skill increases to level 8!
You see here a boulder beetle corpse.
A catoblepas comes into view.
A catoblepas is nearby!
A catoblepas is nearby!
A catoblepas is nearby!
A catoblepas is nearby!
The catoblepas breathes a plume of calcifying dust at you.
The blast of calcifying dust hits you but does no damage.
Unknown command.
A shadow comes into view.
The catoblepas closely misses you. The catoblepas gores you!
The catoblepas roars fiercely, eyes lowered.
The catoblepas barely misses you.
You hit the catoblepas.
Lightning courses through the catoblepas!
The catoblepas is lightly wounded.
The catoblepas gores you!!
* * * LOW HITPOINT WARNING * * *
You slice the catoblepas!!
The catoblepas is heavily wounded.
The catoblepas gores you!!
You die...

...## #.# ....## #.#...
.....# ##.#.W#
##'#######+####..#..#
.................#..##
.#..#...##.......#...##
.#..#.......#....#....#
.#..+.......#....#..###
.#..#..#........@Y.##.
.#..#..#...#+###..##.
##
.####..#...#...†.##.#..
#####......#.....#...
....#......#...#.#.#
....#.###..#...#..#
[...#.###..#....)#.#
....#......#.....#...
....#......#+###.##.#..


You could see a catoblepas.

Vanquished Creatures
  A boulder beetle (D:9)
  An ugly thing (D:9)
  Grinder (D:5)
  Sigmund (D:5)
  A wraith (D:9)
  Edmund (D:5)
  2 water moccasins
  An orc warrior (D:8)
  A sky beast (D:7)
  An ice beast (D:5)
  3 ogres
  2 centaurs
  7 necrophages
  A phantom (D:6)
  2 bullfrogs
  A wyvern skeleton (D:6)
  2 water moccasin skeletons
  The ghost of mrw3rdna the Firebug, a weakling OgFE (D:3)
  7 killer bees (D:9)
  4 wights (D:7)
  3 howler monkeys (D:8)
  A bullfrog zombie (D:5)
  2 centaur zombies
  6 orc priests
  A gnoll shaman (D:9)
  A jelly (D:6)
  Crazy Yiuf (D:5)
  5 iguanas
  3 orc wizards
  A scorpion zombie (D:5)
  A killer bee zombie (D:9)
  2 mummies (D:7)
  A howler monkey skeleton (D:6)
  18 gnolls
  4 adders
  A river rat (D:3)
  A shadow imp (D:5)
  2 white imps
  An ufetubus (D:6)
  A worm (D:2)
  A dart slug (D:2)
  26 orcs
  5 bats
  6 endoplasms
  3 giant cockroaches
  37 goblins
  22 hobgoblins
  7 jackals
  3 quokkas
  9 ball pythons
  2 frilled lizards
  7 kobolds
  5 rats
230 creatures vanquished.

Vanquished Creatures (others)
  4 fungi
  5 plants
  A withered plant (D:1)
10 creatures vanquished.

Grand Total: 240 creatures vanquished

Notes
Turn   | Place    | Note
-------+----------+-------------------------------------------
     0 | D:1      | lonewolfV2 the Hill Orc Fighter began the quest for the
                  | Orb.
     0 | D:1      | Reached XP level 1. HP: 19/19 MP: 1/1
   132 | D:1      | Found a faded altar of an unknown god.
   150 | D:1      | Reached XP level 2. HP: 25/27 MP: 2/2
   715 | D:2      | Reached skill level 3 in Axes
   715 | D:2      | Reached XP level 3. HP: 23/33 MP: 3/3
   823 | D:2      | Found a snail-covered altar of Cheibriados.
  1345 | D:3      | Reached XP level 4. HP: 33/41 MP: 4/4
  1587 | D:3      | Found a runed translucent door.
  1594 | D:3      | Noticed mrw3rdna's ghost (weakling OgFE)
  1627 | D:3      | Reached skill level 4 in Axes
  1831 | D:3      | Found a shimmering blue altar of Sif Muna.
  1951 | D:3      | Found a shimmering altar of Xom.
  1953 | D:3      | Noticed an ogre
  1954 | D:3      | Found a stormy altar of Qazlal.
  1961 | D:3      | Killed an ogre
  1962 | D:3      | Reached skill level 5 in Axes
  1962 | D:3      | Reached XP level 5. HP: 35/47 MP: 3/5
  2074 | D:3      | Found a shadowy altar of Dithmenos.
  2077 | D:3      | Found a glowing silver altar of Zin.
  2082 | D:3      | Found an iron altar of Okawaru.
  2098 | D:3      | Found a sacrificial altar of Ru.
  2129 | D:3      | Found a runed translucent door.
  2147 | D:3      | Killed mrw3rdna's ghost
  2148 | D:3      | Reached XP level 6. HP: 50/53 MP: 4/6
  2150 | D:3      | Reached skill level 1 in Dodging
  2471 | D:4      | Got the Tome of the Volcanoes and Dislocation
  2696 | D:4      | Found a staircase to the Ecumenical Temple.
  2708 | D:4      | Reached skill level 1 in Long Blades
  2727 | Temple   | Entered the Ecumenical Temple
  3327 | D:4      | Reached skill level 6 in Axes
  3327 | D:4      | Reached skill level 1 in Staves
  3327 | D:4      | Reached skill level 1 in Slings
  3327 | D:4      | Reached skill level 1 in Bows
  3327 | D:4      | Reached skill level 1 in Crossbows
  3327 | D:4      | Reached skill level 1 in Throwing
  3327 | D:4      | Reached skill level 5 in Armour
  3327 | D:4      | Reached skill level 1 in Stealth
  3327 | D:4      | Reached skill level 1 in Spellcasting
  3327 | D:4      | Reached skill level 1 in Conjurations
  3327 | D:4      | Reached skill level 1 in Hexes
  3327 | D:4      | Reached skill level 1 in Summonings
  3327 | D:4      | Reached skill level 1 in Necromancy
  3327 | D:4      | Reached skill level 1 in Translocations
  3327 | D:4      | Reached skill level 1 in Transmutations
  3327 | D:4      | Reached skill level 1 in Ice Magic
  3327 | D:4      | Reached skill level 1 in Air Magic
  3327 | D:4      | Reached skill level 1 in Earth Magic
  3327 | D:4      | Reached skill level 1 in Poison Magic
  3327 | D:4      | Reached skill level 1 in Evocations
  3327 | D:4      | Reached XP level 7. HP: 11/63 MP: 2/9
  3809 | D:4      | Reached skill level 7 in Axes
  3809 | D:4      | Reached skill level 5 in Shields
  3809 | D:4      | Reached XP level 8. HP: 71/71 MP: 9/11
  5044 | D:5      | Entered Level 5 of the Dungeon
  5181 | D:5      | Noticed Grinder
  5195 | D:5      | Killed Grinder
  5196 | D:5      | Reached XP level 9. HP: 78/78 MP: 12/12
  5343 | D:5      | Became a worshipper of Beogh the Brigand
  5638 | D:5      | Noticed Sigmund
  5653 | D:5      | Killed Sigmund
  5700 | D:5      | Identified the ring of Ugorhi {rC- Will+ AC+4 Int+2}
  5745 | D:5      | Noticed Edmund
  5756 | D:5      | Killed Edmund
  5891 | D:5      | Found a runed translucent door.
  5892 | D:5      | Noticed Crazy Yiuf
  6418 | D:5      | Found a blossoming altar of Fedhas.
  6419 | D:5      | Found a hide-covered altar of Uskayaw.
  6420 | D:5      | Found a radiant altar of Vehumet.
  6421 | D:5      | Found a bloodstained altar of Trog.
  6541 | D:5      | Killed Crazy Yiuf
  7225 | D:6      | Found a basalt altar of Yredelemnul.
  7474 | D:6      | Found Xulybe's Antique Weapon Emporium.
  7881 | D:7      | Reached skill level 5 in Long Blades
  8105 | D:7      | Reached * piety under Beogh
  8198 | D:7      | Reached XP level 10. HP: 59/73 MP: 8/13
  9452 | D:8      | Identified a scroll of acquirement
  9452 | D:8      | Acquired a +5 broad axe of electrocution
  9666 | D:8      | Reached ** piety under Beogh
  9691 | D:8      | Found a flagged portal.
 10592 | D:9      | Acquired the +2 pair of gloves "Feopte" {rCorr}
 10909 | D:9      | Noticed a brown ugly thing
 10914 | D:9      | Noticed a boulder beetle
 10918 | D:9      | Killed a brown ugly thing
 10942 | D:9      | Killed a boulder beetle
 10943 | D:9      | Reached skill level 8 in Axes
 10977 | D:9      | Noticed a catoblepas
 10986 | D:9      | Slain by a catoblepas

Illustrated notes

Levels and vault maps discovered:
D:1:      onia_arrival_handbag, layout_rooms, shapermc_ecumenical_altar_gd,
          nicolae_concentric_dashed_squares_wild
D:2:      layout_rooms, serial_curves, eino_curves_03, eino_curves_02,
          eino_curves_02, eino_curves_03, basic_altar
D:3:      layout_loops_ring, lemuel_crystal_altar,
          nicolae_overflow_hallway_of_the_gods, ebering_ghost_sewer_f
D:4:      minmay_goblin_kobold_castle, layout_gridville,
          minmay_temple_entry_wispy
D:5:      layout_basic, mainiacjoe_overflow_alcove_3, uniq_grinder,
          uniq_sigmund, uniq_edmund, uniq_crazy_yiuf_cottage
D:6:      hellmonk_destroyed_diamonds, layout_rooms, yredelemnul_altar_generic,
          serial_shops, shop
D:7:      layout_basic, serial_undead, serial_undead_a, serial_undead_a,
          serial_undead_c, serial_undead_c
D:8:      layout_basic, enter_bailey_5, minmay_fountain_box
D:9:      minmay_the_grid_octo_triangle [minmay_the_grid_octo_focus,
          minmay_the_grid_octo_prize_square_snowflake,
          minmay_the_grid_octo_empty], layout_stronghold, dpeg_oklobed_lair,
          minmay_quadrilaterals
Temple:   compressed_dpeg_triangle_lava_temple

Skill      XL: |  1  2  3  4  5  6  7  8  9 10 |
---------------+-------------------------------+-----
Fighting       | 4 6 7 |  7.4
Axes           | 3 5 6 7 8 |  8.2
Armour         | 4 5 6 |  6.8
Dodging        | 2 3 |  3.1
Long Blades    | 2 3 5 |  5.9
Shields        | 4 5 |  5.8
Short Blades   | 2 3 |  3.1
Maces & Flails | 2 |  2.5
Polearms       | 2 3 |  3.4
Staves         | 1 2 |  2.1
Slings         | 1 2 |  2.1
Bows           | 1 2 |  2.1
Crossbows      | 1 2 |  2.1
Throwing       | 1 2 |  2.7
Stealth        | 1 2 |  2.1
Unarmed Combat | 2 |  2.5
Spellcasting   | 1 2 |  2.1
Conjurations   | 1 2 |  2.3
Hexes          | 1 2 |  2.3
Summonings     | 1 2 |  2.3
Necromancy     | 1 2 |  2.3
Translocations | 1 |  1.9
Transmutations | 1 |  1.6
Fire Magic     | 2 |  2.5
Ice Magic      | 1 2 |  2.1
Air Magic      | 1 |  1.9
Earth Magic    | 1 2 |  2.4
Poison Magic   | 1 2 |  2.1
Invocations    | 2 3 |  3.1
Evocations     | 1 2 |  2.3

Action                   |  1- 3 |  4- 6 |  7- 9 | 10-12 || total
-------------------------+-------+-------+-------+-------++-------
Melee: War axe           |   108 |    29 |       |       ||   137
       Hand axe          |       |    13 |       |       ||    13
       Falchion          |       |   100 |   290 |    94 ||   484
       Broad axe         |       |       |       |    89 ||    89
Invok: Convert to Beogh  |       |       |     1 |       ||     1
       Smiting           |       |       |       |     1 ||     1
  Use: Scroll            |     3 |     4 |     1 |     7 ||    15
       Potion            |       |     2 |     5 |       ||     7
Armor: Scale mail        |    66 |   116 |   184 |   188 ||   554
Dodge: Dodged            |    70 |   124 |   223 |   167 ||   584
Block: Buckler           |    25 |    56 |   102 |    76 ||   259
